Map: Triton LE

Players

kromkachleba

  • Race: Protoss Protoss
  • League: Platinum
  • Spawn Location: 11:00

kers - Winner!

  • Race: Protoss Protoss
  • League: Platinum
  • Spawn Location: 5:00

VOD

Have the link to the VOD?

Description

Time

  • Played on: March 6, 2020, 3:26 p.m.
  • Length: 13:42
Show
View Real Time Build Order
Export as new Build Order

kromkachleba Protoss 

Build Orders:  

Get SALT Encoding   

  12  0:01  Probe (Chrono Boost)  
  13  0:12  Probe (Chrono Boost)  
  14  0:25  Pylon  
  14  0:44  Forge  
  14  0:46  Gateway  
  14  0:54  Probe  
  15  1:06  Probe  
  16  1:19  Probe  
  16  1:20  Photon Cannon  
  16  1:25  Assimilator  
  17  1:30  Pylon  
  17  1:40  Pylon  
  17  1:45  Probe (Chrono Boost)  
  18  1:52  Cybernetics Core  
  19  1:55  Probe (Chrono Boost)  
  19  1:57  Assimilator  
  19  2:10  Photon Cannon  
  19  2:25  Warp Gate (Chrono Boost), Gateway  
  19  2:31  Adept  
  21  2:57  Photon Cannon  
  21  2:58  Photon Cannon  
  21  3:01  Shield Battery  
  21  3:14  Sentry  
  23  3:24  Photon Cannon  
  23  3:28  Photon Cannon  
  23  3:34  Photon Cannon  
  23  3:40  Pylon  
  23  3:55  Stargate  
  23  4:08  Photon Cannon  
  23  4:10  Shield Battery  
  23  4:22  Robotics Facility  
  23  4:25  Probe (Chrono Boost)  
  24  4:36  Stalker  
  26  4:45  Stalker  
  24  5:22  Immortal  
  24  5:23  Void Ray  
  24  5:27  Probe (Chrono Boost)  
  33  5:53  Shield Battery  
  33  6:01  Immortal  
  37  6:06  Sentry x2  
  41  6:35  Pylon  
  41  6:37  Pylon  
  41  6:54  Void Ray  
  41  6:55  Observer (Chrono Boost)  
  46  7:31  Nexus  
  46  7:35  Nexus  
  46  7:41  Observer  
  47  7:48  Photon Cannon  
  47  8:04  Photon Cannon  
  47  8:34  Pylon  
  47  8:42  Immortal  
  47  8:43  Pylon  
  51  8:51  Probe (Chrono Boost)  
  52  9:00  Probe (Chrono Boost)  
  53  9:05  Probe (Chrono Boost)  
  54  9:13  Stalker x2  
  58  9:22  Probe (Chrono Boost)  
  60  9:31  Probe (Chrono Boost)  
  60  9:34  Gateway  
  60  9:39  Gateway  
  60  9:40  Observer  
  60  9:53  Immortal  
  64  10:01  Photon Cannon  
  64  10:09  Probe (Chrono Boost)  
  65  10:18  Shield Battery  
  65  10:19  Probe (Chrono Boost)  
  66  10:23  Probe (Chrono Boost), Protoss Ground Weapons Level 1  
  67  10:39  Twilight Council  
  67  10:46  Pylon  
  67  10:48  Photon Cannon  
  67  10:56  Photon Cannon  
  67  11:00  Pylon  
  66  11:18  Probe (Chrono Boost)  
  67  11:22  Assimilator  
  67  11:24  Assimilator  
  67  11:26  Gateway  
  67  11:27  Photon Cannon  
  67  11:28  Probe (Chrono Boost)  
  67  11:30  Shield Battery  
  68  11:33  Probe (Chrono Boost)  
  69  11:41  Photon Cannon  
  70  11:48  Probe x2 (Chrono Boost)  
  71  11:57  Probe (Chrono Boost)  
  71  12:00  Probe (Chrono Boost)  
  73  12:02  Probe (Chrono Boost), Templar Archives  
  74  12:14  Probe (Chrono Boost), Assimilator  
  76  12:17  Probe (Chrono Boost)  
  76  12:19  Assimilator  
  77  12:23  Probe (Chrono Boost)  
  77  12:24  Probe (Chrono Boost)  
  77  12:29  Probe x2 (Chrono Boost)  
  79  12:31  Observer  
  81  12:40  Probe  
  81  12:41  Probe  
  83  12:48  High Templar x4  
  91  12:52  Probe  
  91  12:53  Observer  
  93  13:03  Photon Cannon  
  93  13:04  Probe  
  93  13:05  Photon Cannon  
  94  13:07  Photon Cannon  
  94  13:17  Probe  
  92  13:31  High Templar x3  
Show
View Real Time Build Order
Export as new Build Order

kers Protoss - Winner!

Build Orders:  

Get SALT Encoding   

  12  0:01  Probe  
  13  0:13  Probe  
  14  0:18  Pylon  
  14  0:25  Probe  
  15  0:37  Probe (Chrono Boost)  
  15  0:38  Gateway  
  16  0:49  Probe (Chrono Boost)  
  17  0:53  Assimilator  
  17  0:54  Probe (Chrono Boost)  
  18  1:03  Probe  
  19  1:15  Probe  
  20  1:20  Gateway  
  20  1:26  Pylon  
  20  1:28  Probe  
  21  1:37  Cybernetics Core  
  21  1:40  Probe  
  22  1:52  Probe  
  22  1:53  Assimilator  
  23  2:04  Probe  
  24  2:14  Stalker  
  28  2:16  Probe, Sentry  
  28  2:22  Warp Gate (Chrono Boost)  
  29  2:28  Probe  
  30  2:33  Nexus  
  30  2:40  Probe  
  31  2:44  Pylon  
  31  2:59  Pylon  
  31  3:02  Probe, Stalker  
  34  3:10  Stalker  
  36  3:14  Probe  
  37  3:26  Probe, Robotics Facility  
  38  3:38  Probe  
  39  3:49  Probe  
  40  4:00  Stalker x2  
  40  4:21  Immortal (Chrono Boost)  
  42  4:27  Stalker x2  
  42  4:30  Gateway  
  46  4:31  Gateway  
  40  4:53  Stalker x2  
  44  5:05  Immortal (Chrono Boost)  
  43  5:17  Stalker  
  43  5:37  Immortal  
  47  5:48  Nexus  
  47  5:50  Pylon  
  47  5:59  Pylon  
  47  6:04  Pylon  
  47  6:08  Probe  
  48  6:20  Probe  
  48  6:21  Pylon  
  48  6:22  Immortal (Chrono Boost)  
  48  6:24  Pylon  
  53  6:33  Probe  
  53  6:37  Forge  
  54  6:42  Sentry x2  
  54  6:45  Probe  
  59  6:57  Assimilator  
  59  6:58  Probe (Chrono Boost), Sentry  
  59  7:00  Assimilator  
  59  7:01  Probe (Chrono Boost)  
  64  7:09  Probe (Chrono Boost)  
  64  7:11  Protoss Ground Weapons Level 1 (Chrono Boost)  
  64  7:12  Probe (Chrono Boost)  
  64  7:14  Probe (Chrono Boost)  
  66  7:21  Probe  
  67  7:24  Probe  
  68  7:33  Probe  
  68  7:36  Probe  
  70  7:37  Nexus  
  70  7:42  Pylon  
  70  7:45  Sentry  
  72  8:02  Twilight Council  
  72  8:03  Probe  
  72  8:04  Probe  
  74  8:09  Stalker x3  
  80  8:15  Probe, Pylon  
  80  8:16  Probe  
  82  8:20  Shield Battery  
  82  8:23  Shield Battery  
  82  8:28  Probe x2  
  82  8:29  Sentry  
  86  8:40  Templar Archives  
  86  8:41  Gateway  
  86  8:45  Probe x2, Gateway  
  88  8:51  Assimilator  
  88  8:59  Probe x3  
  91  9:04  Protoss Ground Weapons Level 2 (Chrono Boost), Stalker  
  93  9:11  Probe x2 (Chrono Boost)  
  93  9:15  Probe (Chrono Boost)  
  96  9:17  Phoenix  
  96  9:22  Probe (Chrono Boost), Blink  
  96  9:23  Probe (Chrono Boost)  
  99  9:26  Probe (Chrono Boost)  
  99  9:27  Probe (Chrono Boost)  
  99  9:28  Probe (Chrono Boost)  
  99  9:31  Assimilator  
  101  9:35  Probe  
  101  9:36  Stalker x2  
  101  9:37  Probe  
  107  9:38  Probe  
  108  9:47  Probe  
  108  9:49  Probe  
  108  9:51  Probe  
  111  9:56  Pylon  
  111  9:58  Shield Battery  
  111  9:59  Probe, Pylon  
  112  10:01  Photon Cannon  
  112  10:03  Photon Cannon  
  112  10:04  Pylon  
  112  10:05  Photon Cannon  
  112  10:10  Probe  
  112  10:11  Probe x2, Gateway  
  112  10:12  Gateway  
  115  10:21  High Templar x3  
  115  10:22  High Templar  
  115  10:23  Probe  
  115  10:25  Archon x2  
  122  10:39  Nexus  
  122  10:41  Pylon  
  122  10:43  Observer  
  123  10:54  Gateway  
  123  10:56  Gateway  
  123  10:59  Gateway  
  123  11:02  High Templar x3  
  123  11:03  High Templar, Stalker  
  133  11:04  Gateway, Observer  
  133  11:06  Gateway  
  133  11:07  Archon x2  
  134  11:21  Gateway x2  
  134  11:23  Gateway  
  134  11:27  Observer  
  134  11:30  Pylon  
  135  11:34  Stalker x3  
  135  11:35  Pylon  
  135  11:38  Stargate  
  141  11:48  Warp Prism  
  141  11:52  Assimilator  
  141  11:54  Assimilator  
  143  12:08  Pylon  
  143  12:12  Pylon  
  143  12:15  Pylon  
  143  12:17  Photon Cannon  
  143  12:19  Gateway  
  143  12:20  Gateway, Photon Cannon  
  143  12:26  Gateway  
  143  12:28  High Templar x3  
  143  12:29  High Templar  
  151  12:32  Archon  
  151  12:33  Archon  
  151  12:35  Stalker x7  
  164  12:58  Stalker x2  
  164  12:59  Stalker x5  
  178  13:14  Stalker x3  
  178  13:15  Stalker  
  168  13:33  Stalker x2  
  168  13:34  Stalker x7  
Tags
 
Matchup
PvP
Spawn Locations
Cross Positions
Add a new tag
Caveats
  • Supply blocks, unpowered buildings, or Contaminate may cause inaccurate times.
  • Supply counts are checked every 10 seconds.